WCHLSIM.com - West Coast Hockey League
html PUBLIC "-//W3C//DTD XHTML 1.0 Transitional//EN" "http://www.w3.org/TR/xhtml1/DTD/xhtml1-transitional.dtd"> WCHL - Game 653 - TEXAS TOROS vs BANFF WOLVES

TEXAS TOROS vs BANFF WOLVES

Created - 16 janvier 2020 at 17:53

Goals
1 2 3 T
TEXAS TOROS 0 1 0 1
BANFF WOLVES 0 0 0 0
Shots
1 2 3 T
TEXAS TOROS 11 4 14 29
BANFF WOLVES 12 13 3 28

1st period

No Goal

Penalties :
No Penalty

2nd period

1. TEXAS TOROS , Derek Stepan 16 (Tyson Barrie 24) at 11:01

Penalties :
David Savard (TEX) for Holding (Minor) at 1:09, Dmitry Kulikov (TEX) for Boarding (Minor) at 15:31

3rd period

No Goal

Penalties :
Josh Teves (BAN) for Hooking (Minor) at 12:10, Tyler Ennis (BAN) for Hooking (Minor) at 12:51, Brock McGinn (TEX) for Hooking (Minor) at 12:51, Josh Teves (BAN) for Interference (Minor) at 16:15

Goalie Stats

Anders Nilsson (TEX), 28 saves from 28 shots - (1,000), W, 6-16-1, 60:00 minutes
Mikko Koskinen (BAN), 28 saves from 29 shots - (0,966), L, 3-16-2, 59:12 minutes

Players Stats for TEXAS TOROS

Player Name              G  A  P  +/- PIM S  H  SB GA TA FO     MP     PP MP  PK MP  
------------------------------------------------------------------------------------
Brock McGinn             0  0  0   0  2   0  3  0  0  0  0/3    19:23   1:12   1:21 
Dante Fabbro             0  0  0   0  0   0  1  0  0  0  0/0    15:24   0:00   0:43 
David Savard             0  0  0   0  2   1  3  0  0  0  0/0    19:54   1:24   0:54 
Derek Stepan             1  0  1   1  0   3  1  0  0  0  22/35  26:15   1:13   2:37 
Dmitry Kulikov           0  0  0   0  2   0  1  0  0  0  0/0    14:40   0:00   0:00 
Erik Gustafsson          0  0  0   0  0   1  1  0  0  0  0/0    20:38   1:24   1:37 
Erik Johnson             0  0  0   1  0   5  0  2  0  0  0/0    24:41   1:16   2:21 
Jack Roslovic            0  0  0   0  0   1  0  0  0  0  0/0    15:00   0:00   0:00 
Jake Virtanen            0  0  0   0  0   5  0  0  0  0  1/3    18:45   1:27   1:21 
Johan Larsson            0  0  0   0  0   0  1  0  0  0  9/16   16:25   1:27   0:00 
Morgan Klimchuk          0  0  0   0  0   0  0  0  0  0  1/3     0:59   0:00   0:00 
Nathan Walker            0  0  0   1  0   0  0  0  0  0  1/1     4:35   0:00   0:00 
Nick Cousins             0  0  0   0  0   0  1  0  0  0  0/0    16:25   1:27   0:00 
Nick Schmaltz            0  0  0   0  0   5  0  0  0  0  2/2    21:40   1:13   2:37 
Patrick Russell          0  0  0   1  0   1  2  0  0  0  0/0     4:35   0:00   0:00 
Riley Nash               0  0  0   0  0   5  2  0  0  0  8/15   15:00   0:00   0:00 
Sven Baertschi           0  0  0   0  0   1  1  0  0  0  0/0    15:00   0:00   0:00 
Tyson Barrie             0  1  1   1  0   1  2  0  0  0  0/0    24:41   1:16   2:21 

Players Stats for BANFF WOLVES

Player Name              G  A  P  +/- PIM S  H  SB GA TA FO     MP     PP MP  PK MP  
------------------------------------------------------------------------------------
Adam Rockwood            0  0  0  -1  0   0  0  0  0  0  0/0    13:53   0:00   0:00 
Alex Biega               0  0  0   0  0   0  2  0  0  0  0/0    21:12   1:40   2:11 
Jack Eichel              0  0  0   0  0   6  0  0  0  0  8/16   12:58   0:46   0:15 
Josh Archibald           0  0  0   0  0   7  1  0  0  0  3/10   14:48   1:11   1:27 
Josh Teves               0  0  0   0  4   0  8  1  0  0  0/0    18:24   1:32   0:00 
Mark Jankowski           0  0  0   0  0   2  0  0  0  0  0/0    13:32   0:00   0:00 
Mark Letestu             0  0  0  -1  0   0  0  0  0  0  8/14   12:53   0:00   0:00 
Markus Granlund          0  0  0   0  0   3  0  0  0  0  3/6    16:32   1:11   1:08 
Max McCormick            0  0  0   0  0   0  3  0  0  0  4/14   14:43   1:11   0:00 
Michael Stone            0  0  0   0  0   0  0  0  0  0  0/0    17:12   0:46   0:41 
Miles Wood               0  0  0   0  0   0  2  0  0  0  0/1    15:44   2:47   0:00 
Miro Heiskanen           0  0  0  -1  0   2  0  0  0  0  0/0    22:53   2:18   2:37 
Nikita Zaitsev           0  0  0  -1  0   1  1  0  0  0  0/0    20:16   0:00   1:23 
Robert Carpenter         0  0  0   0  0   0  0  0  0  0  3/4    12:01   0:00   0:00 
Tanner Kero              0  0  0  -1  0   1  1  0  0  0  0/0    12:53   0:00   0:00 
Taylor Fedun             0  0  0   0  0   0  1  0  0  0  0/0    20:01   1:40   1:04 
Tyler Ennis              0  0  0   0  2   2  0  0  0  0  3/8    16:14   2:01   1:12 
Tyler Toffoli            0  0  0   0  0   4  0  0  0  0  2/5    17:51   2:47   2:35 

3 Stars

1 - Anders Nilsson (TEX)
2 - Mikko Koskinen (BAN)
3 - Derek Stepan (TEX)

Power Play

TEXAS TOROS - 0 on 2 Attempt(s) - 0,00%
BANFF WOLVES - 0 on 2 Attempt(s) - 0,00%

Penalty Kill

TEXAS TOROS - 2 on 2 Attempt(s) - 100,00% - Score 0 goal in Penalty Kill
BANFF WOLVES - 2 on 2 Attempt(s) - 100,00% - Score 0 goal in Penalty Kill

Team Stat

TEXAS TOROS - Hits : 19 - Faceoff Wins : 44 - Blocked Shots : 2 - Penalty Minutes : 6
BANFF WOLVES - Hits : 19 - Faceoff Wins : 34 - Blocked Shots : 1 - Penalty Minutes : 6

Official

Referees : Ben Moser and Brad Meier
Linesman : Jud Ritter and Luke Murray

Game Notes

No Game Note

Finance

Level 1 -- Attendance: 5201 (73,77%) -- Ticket Income 728 140 $
Level 2 -- Attendance: 3728 (62,59%) -- Ticket Income 354 160 $
Level 3 -- Attendance: 1842 (78,72%) -- Ticket Income 119 730 $
Level 4 -- Attendance: 3047 (60,94%) -- Ticket Income 152 350 $
Luxury Box -- Attendance: 638 (59,91%) -- Ticket Income 191 400 $
Game was played at the Rocky Mountains Sports Complex.
Total Attendance: 14456 (67,52%)
Total Ticket Income: 1 545 780 $
Other Income: 463 734 $
Total Income: 2 009 514 $

TEXAS TOROS

5 vs 5 Forward 
   Center                   Left Wing                Right Wing               Time % Phy DF OF 
 1 Derek Stepan             Nick Schmaltz            Brock McGinn             36     1   2  2  
 2 Johan Larsson            Nick Cousins             Jake Virtanen            31     1   2  2  
 3 Riley Nash               Sven Baertschi           Jack Roslovic            23     1   2  2  
 4 Derek Stepan             Nathan Walker            Patrick Russell          10     1   2  2  

5 vs 5 Defense 
   Defense                  Defense                                           Time % Phy DF OF 
 1 Tyson Barrie             Erik Johnson                                      36     1   2  2  
 2 Erik Gustafsson          David Savard                                      31     1   2  2  
 3 Dmitry Kulikov           Dante Fabbro                                      23     1   2  2  
 4 Tyson Barrie             Erik Johnson                                      10     1   2  2  

PowerPlay Forward 
   Center                   Left Wing                Right Wing               Time % Phy DF OF 
 1 Derek Stepan             Nick Schmaltz            Brock McGinn             55     1   2  2  
 2 Johan Larsson            Nick Cousins             Jake Virtanen            45     1   2  2  

PowerPlay Defense
   Defense                  Defense                                           Time % Phy DF OF 
 1 Tyson Barrie             Erik Johnson                                      55     1   2  2  
 2 Erik Gustafsson          David Savard                                      45     1   2  2  

Penalty Kill 4 Players Forward 
   Center                   Wing                     Time % Phy DF OF 
 1 Derek Stepan             Nick Schmaltz            55     1   2  2  
 2 Brock McGinn             Jake Virtanen            45     1   2  2  

Penalty Kill 4 Players Defense
   Defense                  Defense                  Time % Phy DF OF 
 1 Tyson Barrie             Erik Johnson             55     1   2  2  
 2 Erik Gustafsson          David Savard             45     1   2  2  

Penalty Kill - 3 Players Forward 
   Forward                                           Time % Phy DF OF 
 1 Derek Stepan                                      55     1   2  2  
 2 Nick Schmaltz                                     45     1   2  2  

Penalty Kill - 3 Players Defense
   Defense                  Defense                  Time % Phy DF OF 
 1 Tyson Barrie             Erik Johnson             55     1   2  2  
 2 Erik Gustafsson          David Savard             45     1   2  2  

4 vs 4 Forward 
   Center                   Wing                     Time % Phy DF OF 
 1 Derek Stepan             Nick Schmaltz            55     1   2  2  
 2 Brock McGinn             Jake Virtanen            45     1   2  2  

4 vs 4 Defense
   Defense                  Defense                  Time % Phy DF OF 
 1 Tyson Barrie             Erik Johnson             55     1   2  2  
 2 Erik Gustafsson          David Savard             45     1   2  2  

Last Minutes Offensive
   Center                   Left Wing                Right Wing               Defense                  Defense                  
   Derek Stepan             Nick Schmaltz            Brock McGinn             Tyson Barrie             Erik Johnson             

Last Minutes Defensive
   Center                   Left Wing                Right Wing               Defense                  Defense                  
   Derek Stepan             Nick Schmaltz            Brock McGinn             Tyson Barrie             Erik Johnson             

Goaltenders
Starting : Anders Nilsson           
Backup : Christopher Gibson       

Extra Forwards
Normal : Morgan Klimchuk, Sven Baertschi, Riley Nash - PP : Morgan Klimchuk, Sven Baertschi - PK : Riley Nash
Extra Defensemen
Normal : Dmitry Kulikov, Dante Fabbro, Erik Gustafsson - PP : Dmitry Kulikov - PK : Dante Fabbro, Erik Gustafsson
Penalty Shots
Derek Stepan, Nick Schmaltz, Brock McGinn, Jake Virtanen, Johan Larsson
Custom OT Lines Forwards
Derek Stepan, Nick Schmaltz, Brock McGinn, Jake Virtanen, Johan Larsson, Nick Cousins, Sven Baertschi, Riley Nash, Jack Roslovic, Patrick Russell
Custom OT Lines Defensemen
Tyson Barrie, Erik Johnson, Erik Gustafsson, David Savard, Dmitry Kulikov

Scratches
Alexander Wennberg (Fractured Right Foot Injury), Braydon Coburn (Healthy), Sergei Boikov (Healthy), Christoffer Ehn (Healthy), Connor Bunnaman (Healthy)
Justin Abdelkader (Healthy), Johnathan Kovacevic (Healthy), Marian Studenic (Healthy), Ryan Sproul (Healthy), Ryan Olsen (Healthy)
Zach Senyshyn (Healthy), Cory Schneider (Strained Right Elbow Injury)

BANFF WOLVES

5 vs 5 Forward 
   Center                   Left Wing                Right Wing               Time % Phy DF OF 
 1 Max McCormick            Markus Granlund          Mark Jankowski           25     1   2  2  
 2 Jack Eichel              Miles Wood               Tyler Toffoli            25     1   2  2  
 3 Josh Archibald           Tyler Ennis              Robert Carpenter         25     1   2  2  
 4 Mark Letestu             Tanner Kero              Adam Rockwood            25     1   2  2  

5 vs 5 Defense 
   Defense                  Defense                                           Time % Phy DF OF 
 1 Nikita Zaitsev           Miro Heiskanen                                    35     1   2  2  
 2 Alex Biega               Taylor Fedun                                      35     1   2  2  
 3 Josh Teves               Michael Stone                                     30     1   2  2  
 4 Nikita Zaitsev           Miro Heiskanen                                    0      1   2  2  

PowerPlay Forward 
   Center                   Left Wing                Right Wing               Time % Phy DF OF 
 1 Josh Archibald           Markus Granlund          Max McCormick            55     1   2  2  
 2 Tyler Ennis              Miles Wood               Tyler Toffoli            45     1   2  2  

PowerPlay Defense
   Defense                  Defense                                           Time % Phy DF OF 
 1 Josh Teves               Miro Heiskanen                                    55     1   2  2  
 2 Alex Biega               Taylor Fedun                                      45     1   2  2  

Penalty Kill 4 Players Forward 
   Center                   Wing                     Time % Phy DF OF 
 1 Markus Granlund          Tyler Ennis              55     1   2  2  
 2 Tyler Toffoli            Josh Archibald           45     1   2  2  

Penalty Kill 4 Players Defense
   Defense                  Defense                  Time % Phy DF OF 
 1 Josh Teves               Miro Heiskanen           55     1   2  2  
 2 Alex Biega               Taylor Fedun             45     1   2  2  

Penalty Kill - 3 Players Forward 
   Forward                                           Time % Phy DF OF 
 1 Tyler Toffoli                                     55     1   2  2  
 2 Markus Granlund                                   45     1   2  2  

Penalty Kill - 3 Players Defense
   Defense                  Defense                  Time % Phy DF OF 
 1 Nikita Zaitsev           Josh Teves               55     1   2  2  
 2 Alex Biega               Taylor Fedun             45     1   2  2  

4 vs 4 Forward 
   Center                   Wing                     Time % Phy DF OF 
 1 Markus Granlund          Tyler Ennis              55     1   2  2  
 2 Tyler Toffoli            Josh Archibald           45     1   2  2  

4 vs 4 Defense
   Defense                  Defense                  Time % Phy DF OF 
 1 Josh Teves               Miro Heiskanen           55     1   2  2  
 2 Alex Biega               Taylor Fedun             45     1   2  2  

Last Minutes Offensive
   Center                   Left Wing                Right Wing               Defense                  Defense                  
   Max McCormick            Markus Granlund          Adam Rockwood            Nikita Zaitsev           Miro Heiskanen           

Last Minutes Defensive
   Center                   Left Wing                Right Wing               Defense                  Defense                  
   Max McCormick            Markus Granlund          Adam Rockwood            Nikita Zaitsev           Miro Heiskanen           

Goaltenders
Starting : Mikko Koskinen           
Backup : Pavel Francouz           

Extra Forwards
Normal : Tyler Toffoli, Josh Archibald, Tyler Ennis - PP : Markus Granlund, Josh Archibald - PK : Tyler Ennis
Extra Defensemen
Normal : Josh Teves, Miro Heiskanen, Alex Biega - PP : Josh Teves - PK : Miro Heiskanen, Alex Biega
Penalty Shots
Tyler Ennis, Josh Archibald, Tyler Toffoli, Max McCormick, Markus Granlund
Custom OT Lines Forwards
Max McCormick, Adam Rockwood, Tyler Toffoli, Jack Eichel, Markus Granlund, Josh Archibald, Miles Wood, Tyler Ennis, Mark Letestu, Tanner Kero
Custom OT Lines Defensemen
Nikita Zaitsev, Miro Heiskanen, Alex Biega, Taylor Fedun, Josh Teves

Scratches
Devante Smith-Pelly (Healthy), Gemel Smith (Healthy), James de Haas (Healthy), John Hayden (Healthy)

% Time on Ice - TEXAS TOROS

Lines # - Real PCT - Wanted PCT - Time Play
Normal Forward
1 - 32% - 36% - 16:13
2 - 29% - 31% - 14:58
3 - 30% - 23% - 15:00
4 - 9% - 10% - 4:35
Normal Defense
1 - 33% - 36% - 16:43
2 - 33% - 31% - 16:37
3 - 29% - 23% - 14:41
4 - 5% - 10% - 2:45
PP Forward
1 - 46% - 55% - 1:13
2 - 54% - 45% - 1:27
PP Defense
1 - 48% - 55% - 1:16
2 - 53% - 45% - 1:24
PK Forward
1 - 66% - 55% - 2:37
2 - 34% - 45% - 1:21
PK Defense
1 - 59% - 55% - 2:21
2 - 41% - 45% - 1:37
PK3 Forward
1 - 0% - 55%
2 - 0% - 45%
PK3 Defense
1 - 0% - 55%
2 - 0% - 45%
44 Forward
1 - 50% - 55% - 1:00
2 - 50% - 45% - 0:59
44 Defense
1 - 50% - 55% - 0:59
2 - 50% - 45% - 1:00
Last Minute Offensive  - 0:00
Last Minute Defensive  - 0:37
Total
Forward - 60:00
Defense - 60:00

% Time on Ice - BANFF WOLVES

Lines # - Real PCT - Wanted PCT - Time Play
Normal Forward
1 - 27% - 25% - 13:32
2 - 24% - 25% - 11:57
3 - 24% - 25% - 12:01
4 - 26% - 25% - 12:53
Normal Defense
1 - 34% - 35% - 17:06
2 - 33% - 35% - 16:47
3 - 31% - 30% - 15:45
4 - 1% - 0% - 0:45
PP Forward
1 - 30% - 55% - 1:11
2 - 70% - 45% - 2:47
PP Defense
1 - 58% - 55% - 2:18
2 - 42% - 45% - 1:40
PK Forward
1 - 46% - 55% - 1:13
2 - 54% - 45% - 1:27
PK Defense
1 - 64% - 55% - 1:42
2 - 36% - 45% - 0:58
PK3 Forward
1 - 87% - 55% - 1:08
2 - 13% - 45% - 0:10
PK3 Defense
1 - 92% - 55% - 1:12
2 - 8% - 45% - 0:06
44 Forward
1 - 100% - 55% - 0:41
2 - 0% - 45% - 0:00
44 Defense
1 - 22% - 55% - 0:09
2 - 78% - 45% - 0:32
Last Minute Offensive  - 1:00
Last Minute Defensive  - 0:00
Total
Forward - 60:00
Defense - 60:00

Play-by-Play

1st period


0:01 of 1st period - Max McCormick wins face-off versus Derek Stepan in neutral zone.
0:21 of 1st period - Shot by Nick Schmaltz.
0:21 of 1st period - Stopped by Mikko Koskinen without a rebound.
0:22 of 1st period - Johan Larsson wins face-off versus Jack Eichel in BANFF WOLVES zone.
0:47 of 1st period - Shot by Tyler Toffoli.
0:47 of 1st period - Stopped by Anders Nilsson with a rebound.
0:52 of 1st period - Off-side.
0:53 of 1st period - Josh Archibald wins face-off versus Riley Nash in neutral zone.
0:59 of 1st period - Tyler Ennis is hit by Dmitry Kulikov and loses puck.
1:06 of 1st period - Shot by Tyler Ennis.
1:06 of 1st period - Stopped by Anders Nilsson with a rebound.
1:08 of 1st period - Shot by Josh Archibald.
1:08 of 1st period - Stopped by Anders Nilsson with a rebound.
1:53 of 1st period - Nick Schmaltz is hit by Josh Teves.
2:02 of 1st period - Derek Stepan is hit by Josh Teves and loses puck.
2:32 of 1st period - Shot by Jake Virtanen.
2:32 of 1st period - Stopped by Mikko Koskinen without a rebound.
2:33 of 1st period - Mark Letestu wins face-off versus Johan Larsson in BANFF WOLVES zone.
3:30 of 1st period - Icing by Nikita Zaitsev.
3:31 of 1st period - Mark Letestu wins face-off versus Derek Stepan in BANFF WOLVES zone.
3:31 of 1st period - Mark Letestu is hit by Patrick Russell.
3:47 of 1st period - Shot by Erik Johnson.
3:47 of 1st period - Stopped by Mikko Koskinen without a rebound.
3:48 of 1st period - Jack Eichel wins face-off versus Riley Nash in BANFF WOLVES zone.
3:48 of 1st period - Jack Eichel is hit by Sven Baertschi.
3:58 of 1st period - Shot by Tyler Toffoli.
3:58 of 1st period - Deflect By Jack Eichel.
3:58 of 1st period - Stopped by Anders Nilsson without a rebound.
3:59 of 1st period - Max McCormick wins face-off versus Derek Stepan in TEXAS TOROS zone.
4:24 of 1st period - Shot by Mark Jankowski.
4:24 of 1st period - Stopped by Anders Nilsson with a rebound.
4:26 of 1st period - Shot by Mark Jankowski.
4:26 of 1st period - Shot Misses the Net.
5:14 of 1st period - Shot by Jack Eichel.
5:14 of 1st period - Stopped by Anders Nilsson without a rebound.
5:15 of 1st period - Mark Letestu wins face-off versus Johan Larsson in TEXAS TOROS zone.
5:27 of 1st period - Off-side.
5:28 of 1st period - Riley Nash wins face-off versus Max McCormick in neutral zone.
5:55 of 1st period - Shot by Riley Nash.
5:55 of 1st period - Stopped by Mikko Koskinen without a rebound.
5:56 of 1st period - Derek Stepan wins face-off versus Miles Wood in BANFF WOLVES zone.
6:08 of 1st period - Icing by Nikita Zaitsev.
6:09 of 1st period - Johan Larsson wins face-off versus Jack Eichel in BANFF WOLVES zone.
6:40 of 1st period - Shot by Nick Cousins.
6:40 of 1st period - Deflect By Jake Virtanen.
6:40 of 1st period - Stopped by Mikko Koskinen without a rebound.
6:41 of 1st period - Mark Letestu wins face-off versus Derek Stepan in BANFF WOLVES zone.
6:41 of 1st period - Mark Letestu is hit by Brock McGinn.
7:26 of 1st period - Shot by Markus Granlund.
7:26 of 1st period - Shot Misses the Net.
7:28 of 1st period - Shot by Mark Jankowski.
7:28 of 1st period - Deflect By Markus Granlund.
7:28 of 1st period - Stopped by Anders Nilsson with a rebound.
7:30 of 1st period - Shot by Markus Granlund.
7:30 of 1st period - Deflect By Mark Jankowski.
7:30 of 1st period - Shot Misses the Net.
7:59 of 1st period - Icing by Josh Teves.
8:00 of 1st period - Riley Nash wins face-off versus Max McCormick in BANFF WOLVES zone.
8:01 of 1st period - Shot by Sven Baertschi.
8:01 of 1st period - Stopped by Mikko Koskinen with a rebound.
8:31 of 1st period - Dmitry Kulikov is hit by Josh Archibald and loses puck.
8:38 of 1st period - Shot by Josh Archibald.
8:38 of 1st period - Stopped by Anders Nilsson without a rebound.
8:39 of 1st period - Jack Eichel wins face-off versus Jake Virtanen in TEXAS TOROS zone.
8:39 of 1st period - Jack Eichel is hit by Tyson Barrie.
9:09 of 1st period - Shot by Nick Cousins.
9:09 of 1st period - Deflect By Jake Virtanen.
9:09 of 1st period - Stopped by Mikko Koskinen without a rebound.
9:10 of 1st period - Derek Stepan wins face-off versus Mark Letestu in BANFF WOLVES zone.
9:10 of 1st period - Erik Gustafsson is hit by Nikita Zaitsev and loses puck.
9:44 of 1st period - Off-side.
9:45 of 1st period - Riley Nash wins face-off versus Josh Archibald in neutral zone.
9:48 of 1st period - Shot by Sven Baertschi.
9:48 of 1st period - Shot Misses the Net.
10:10 of 1st period - Shot by Riley Nash.
10:10 of 1st period - Stopped by Mikko Koskinen without a rebound.
10:11 of 1st period - Johan Larsson wins face-off versus Max McCormick in BANFF WOLVES zone.
10:45 of 1st period - Jake Virtanen is hit by Taylor Fedun and loses puck.
11:06 of 1st period - Derek Stepan is hit by Max McCormick.
11:10 of 1st period - Shot by Brock McGinn.
11:10 of 1st period - Shot Misses the Net.
12:03 of 1st period - Shot by Tyler Toffoli.
12:03 of 1st period - Deflect By Jack Eichel.
12:03 of 1st period - Stopped by Anders Nilsson without a rebound.
12:04 of 1st period - Tyler Ennis wins face-off versus Riley Nash in TEXAS TOROS zone.
12:18 of 1st period - Jack Roslovic is hit by Josh Teves and loses puck.
12:36 of 1st period - Sven Baertschi is hit by Josh Teves and loses puck.
12:48 of 1st period - Off-side.
12:49 of 1st period - Johan Larsson wins face-off versus Mark Letestu in neutral zone.
12:49 of 1st period - Nick Cousins is hit by Tanner Kero and loses puck.
13:36 of 1st period - Johan Larsson is hit by Miles Wood and loses puck.
13:51 of 1st period - Shot by Tyler Toffoli.
13:51 of 1st period - Shot Misses the Net.
14:01 of 1st period - Shot by Jack Eichel.
14:01 of 1st period - Stopped by Anders Nilsson with a rebound.
14:25 of 1st period - Shot by Mark Jankowski.
14:25 of 1st period - Stopped by Anders Nilsson without a rebound.
14:26 of 1st period - Robert Carpenter wins face-off versus Derek Stepan in TEXAS TOROS zone.
14:31 of 1st period - Shot by Josh Archibald.
14:31 of 1st period - Shot Blocked by Erik Johnson.
14:38 of 1st period - Icing by Tyson Barrie.
14:39 of 1st period - Derek Stepan wins face-off versus Max McCormick in TEXAS TOROS zone.
14:52 of 1st period - Michael Stone is hit by Brock McGinn and loses puck.
15:16 of 1st period - Shot by Derek Stepan.
15:16 of 1st period - Stopped by Mikko Koskinen without a rebound.
15:17 of 1st period - Mark Letestu wins face-off versus Riley Nash in BANFF WOLVES zone.
15:30 of 1st period - Shot by Miro Heiskanen.
15:30 of 1st period - Stopped by Anders Nilsson without a rebound.
15:31 of 1st period - Robert Carpenter wins face-off versus Derek Stepan in TEXAS TOROS zone.
16:02 of 1st period - Derek Stepan is hit by Alex Biega.
16:20 of 1st period - Icing by Tyler Ennis.
16:21 of 1st period - Riley Nash wins face-off versus Josh Archibald in BANFF WOLVES zone.
16:21 of 1st period - Riley Nash is hit by Alex Biega.
18:13 of 1st period - Off-side.
18:14 of 1st period - Derek Stepan wins face-off versus Jack Eichel in neutral zone.
18:19 of 1st period - Shot by Derek Stepan.
18:19 of 1st period - Stopped by Mikko Koskinen without a rebound.
18:20 of 1st period - Jack Eichel wins face-off versus Riley Nash in BANFF WOLVES zone.
18:20 of 1st period - Jack Eichel is hit by Riley Nash.
19:42 of 1st period - Shot by Derek Stepan.
19:42 of 1st period - Deflect By Nick Schmaltz.
19:42 of 1st period - Stopped by Mikko Koskinen without a rebound.
19:43 of 1st period - Josh Archibald wins face-off versus Johan Larsson in BANFF WOLVES zone.
19:43 of 1st period - Josh Archibald is hit by Johan Larsson.
19:48 of 1st period - Josh Archibald is hit by Nick Cousins and loses puck.
Goals for this period are 0 for TEXAS TOROS vs 0 for BANFF WOLVES.
Shots for this period are 11 for TEXAS TOROS vs 12 for BANFF WOLVES.

2nd period


0:01 of 2nd period - Derek Stepan wins face-off versus Josh Archibald in neutral zone.
0:33 of 2nd period - Shot by Tyler Ennis.
0:33 of 2nd period - Stopped by Anders Nilsson without a rebound.
0:34 of 2nd period - Jack Eichel wins face-off versus Jake Virtanen in TEXAS TOROS zone.
0:34 of 2nd period - Tyler Toffoli is hit by David Savard and loses puck.
0:46 of 2nd period - Icing by David Savard.
0:47 of 2nd period - Max McCormick wins face-off versus Johan Larsson in TEXAS TOROS zone.
1:09 of 2nd period - Minor Penalty to David Savard for Holding.
1:10 of 2nd period - Derek Stepan wins face-off versus Tyler Ennis in TEXAS TOROS zone.
1:20 of 2nd period - Icing by Tyler Toffoli.
1:21 of 2nd period - Derek Stepan wins face-off versus Tyler Ennis in BANFF WOLVES zone.
1:24 of 2nd period - Shot by Nick Schmaltz.
1:24 of 2nd period - Shot Misses the Net.
2:05 of 2nd period - Icing by Alex Biega.
2:06 of 2nd period - Tyler Ennis wins face-off versus Brock McGinn in BANFF WOLVES zone.
2:25 of 2nd period - Shot by Josh Archibald.
2:25 of 2nd period - Stopped by Anders Nilsson without a rebound.
2:26 of 2nd period - Derek Stepan wins face-off versus Markus Granlund in TEXAS TOROS zone.
2:34 of 2nd period - Icing by Markus Granlund.
2:35 of 2nd period - Nick Schmaltz wins face-off versus Josh Archibald in BANFF WOLVES zone.
2:46 of 2nd period - Shot by Josh Archibald.
2:46 of 2nd period - Stopped by Anders Nilsson with a rebound.
2:48 of 2nd period - Shot by Markus Granlund.
2:48 of 2nd period - Shot Misses the Net.
2:50 of 2nd period - Shot by Markus Granlund.
2:50 of 2nd period - Stopped by Anders Nilsson with a rebound.
2:52 of 2nd period - Shot by Josh Archibald.
2:52 of 2nd period - Deflect By Markus Granlund.
2:52 of 2nd period - Stopped by Anders Nilsson without a rebound.
2:53 of 2nd period - Tyler Ennis wins face-off versus Derek Stepan in TEXAS TOROS zone.
3:09 of 2nd period - Shot by Tyler Toffoli.
3:09 of 2nd period - Stopped by Anders Nilsson without a rebound.
3:10 of 2nd period - Mark Letestu wins face-off versus Johan Larsson in TEXAS TOROS zone.
4:08 of 2nd period - Shot by Jack Eichel.
4:08 of 2nd period - Stopped by Anders Nilsson with a rebound.
4:12 of 2nd period - Shot by Jack Eichel.
4:12 of 2nd period - Deflect By Tyler Toffoli.
4:12 of 2nd period - Shot Misses the Net.
4:20 of 2nd period - Nikita Zaitsev is hit by Brock McGinn and loses puck.
4:49 of 2nd period - Off-side.
4:50 of 2nd period - Riley Nash wins face-off versus Josh Archibald in neutral zone.
6:08 of 2nd period - Mark Jankowski is hit by David Savard and loses puck.
6:16 of 2nd period - Markus Granlund is hit by David Savard and loses puck.
6:58 of 2nd period - Icing by Erik Johnson.
6:59 of 2nd period - Derek Stepan wins face-off versus Jack Eichel in TEXAS TOROS zone.
7:03 of 2nd period - Icing by Nick Schmaltz.
7:04 of 2nd period - Jack Eichel wins face-off versus Derek Stepan in TEXAS TOROS zone.
7:05 of 2nd period - Shot by Tyler Toffoli.
7:05 of 2nd period - Shot Blocked by Erik Johnson.
7:07 of 2nd period - Shot by Tyler Toffoli.
7:07 of 2nd period - Stopped by Anders Nilsson without a rebound.
7:08 of 2nd period - Jack Eichel wins face-off versus Derek Stepan in TEXAS TOROS zone.
7:17 of 2nd period - Shot by Jack Eichel.
7:17 of 2nd period - Deflect By Tyler Toffoli.
7:17 of 2nd period - Stopped by Anders Nilsson without a rebound.
7:18 of 2nd period - Derek Stepan wins face-off versus Josh Archibald in TEXAS TOROS zone.
7:42 of 2nd period - Icing by Erik Johnson.
7:43 of 2nd period - Derek Stepan wins face-off versus Max McCormick in TEXAS TOROS zone.
7:43 of 2nd period - Derek Stepan is hit by Max McCormick.
7:48 of 2nd period - Icing by Tyson Barrie.
7:49 of 2nd period - Derek Stepan wins face-off versus Max McCormick in TEXAS TOROS zone.
8:23 of 2nd period - Icing by Mark Jankowski.
8:24 of 2nd period - Riley Nash wins face-off versus Max McCormick in BANFF WOLVES zone.
8:51 of 2nd period - Shot by Jack Roslovic.
8:51 of 2nd period - Shot Misses the Net.
9:45 of 2nd period - Shot by Mark Letestu.
9:45 of 2nd period - Shot Misses the Net.
10:01 of 2nd period - Shot by Tanner Kero.
10:01 of 2nd period - Stopped by Anders Nilsson without a rebound.
10:02 of 2nd period - Robert Carpenter wins face-off versus Brock McGinn in TEXAS TOROS zone.
10:05 of 2nd period - Shot by Josh Archibald.
10:05 of 2nd period - Stopped by Anders Nilsson without a rebound.
10:06 of 2nd period - Derek Stepan wins face-off versus Josh Archibald in TEXAS TOROS zone.
10:21 of 2nd period - Shot by Tyler Ennis.
10:21 of 2nd period - Shot Misses the Net.
10:33 of 2nd period - Shot by Nick Schmaltz.
10:33 of 2nd period - Shot Misses the Net.
10:35 of 2nd period - Shot by Nick Schmaltz.
10:35 of 2nd period - Stopped by Mikko Koskinen without a rebound.
10:36 of 2nd period - Johan Larsson wins face-off versus Max McCormick in BANFF WOLVES zone.
10:55 of 2nd period - Shot by Erik Gustafsson.
10:55 of 2nd period - Shot Misses the Net.
10:57 of 2nd period - Shot by David Savard.
10:57 of 2nd period - Stopped by Mikko Koskinen without a rebound.
10:58 of 2nd period - Derek Stepan wins face-off versus Mark Letestu in BANFF WOLVES zone.
11:01 of 2nd period - Shot by Derek Stepan.
11:01 of 2nd period - Goal by Derek Stepan - TEXAS TOROS : 1 - BANFF WOLVES : 0.
11:02 of 2nd period - Derek Stepan wins face-off versus Mark Letestu in neutral zone.
11:12 of 2nd period - Icing by Nikita Zaitsev.
11:13 of 2nd period - Mark Letestu wins face-off versus Johan Larsson in BANFF WOLVES zone.
11:17 of 2nd period - Off-side.
11:18 of 2nd period - Josh Archibald wins face-off versus Derek Stepan in neutral zone.
11:23 of 2nd period - Shot by Tyler Ennis.
11:23 of 2nd period - Shot Misses the Net.
11:35 of 2nd period - Shot by Nick Schmaltz.
11:35 of 2nd period - Shot Misses the Net.
11:52 of 2nd period - Icing by Derek Stepan.
11:53 of 2nd period - Derek Stepan wins face-off versus Jack Eichel in TEXAS TOROS zone.
12:29 of 2nd period - Johan Larsson is hit by Miles Wood and loses puck.
13:16 of 2nd period - Shot by Sven Baertschi.
13:16 of 2nd period - Shot Misses the Net.
13:26 of 2nd period - Shot by Sven Baertschi.
13:26 of 2nd period - Deflect By Riley Nash.
13:26 of 2nd period - Stopped by Mikko Koskinen with a rebound.
13:31 of 2nd period - Icing by Alex Biega.
13:32 of 2nd period - Nathan Walker wins face-off versus Mark Letestu in BANFF WOLVES zone.
14:32 of 2nd period - Mark Jankowski is hit by Erik Gustafsson and loses puck.
15:27 of 2nd period - Shot by Josh Archibald.
15:27 of 2nd period - Stopped by Anders Nilsson with a rebound.
15:29 of 2nd period - Shot by Miro Heiskanen.
15:29 of 2nd period - Shot Misses the Net.
15:31 of 2nd period - Shot by Miro Heiskanen.
15:31 of 2nd period - Stopped by Anders Nilsson without a rebound.
15:31 of 2nd period - Minor Penalty to Dmitry Kulikov for Boarding.
15:32 of 2nd period - Derek Stepan wins face-off versus Tyler Ennis in TEXAS TOROS zone.
17:02 of 2nd period - Icing by Tyler Toffoli.
17:03 of 2nd period - Jack Eichel wins face-off versus Brock McGinn in BANFF WOLVES zone.
17:59 of 2nd period - Shot by Jack Roslovic.
17:59 of 2nd period - Shot Misses the Net.
Goals for this period are 1 for TEXAS TOROS vs 0 for BANFF WOLVES.
Shots for this period are 4 for TEXAS TOROS vs 13 for BANFF WOLVES.

3rd period


0:01 of 3rd period - Nick Schmaltz wins face-off versus Jack Eichel in neutral zone.
1:46 of 3rd period - Shot by Johan Larsson.
1:46 of 3rd period - Deflect By Jake Virtanen.
1:46 of 3rd period - Stopped by Mikko Koskinen without a rebound.
1:47 of 3rd period - Max McCormick wins face-off versus Riley Nash in BANFF WOLVES zone.
1:58 of 3rd period - Shot by Riley Nash.
1:58 of 3rd period - Stopped by Mikko Koskinen without a rebound.
1:59 of 3rd period - Derek Stepan wins face-off versus Mark Letestu in BANFF WOLVES zone.
2:00 of 3rd period - Shot by Patrick Russell.
2:00 of 3rd period - Stopped by Mikko Koskinen without a rebound.
2:01 of 3rd period - Jack Eichel wins face-off versus Riley Nash in BANFF WOLVES zone.
2:14 of 3rd period - Shot by Riley Nash.
2:14 of 3rd period - Stopped by Mikko Koskinen with a rebound.
2:25 of 3rd period - Jack Roslovic is hit by Josh Teves and loses puck.
4:02 of 3rd period - Shot by Erik Gustafsson.
4:02 of 3rd period - Shot Misses the Net.
4:24 of 3rd period - Icing by Erik Gustafsson.
4:25 of 3rd period - Jake Virtanen wins face-off versus Tyler Ennis in TEXAS TOROS zone.
5:06 of 3rd period - Shot by Riley Nash.
5:06 of 3rd period - Deflect By Jack Roslovic.
5:06 of 3rd period - Stopped by Mikko Koskinen with a rebound.
5:36 of 3rd period - Michael Stone is hit by Patrick Russell and loses puck.
5:45 of 3rd period - Shot by Erik Johnson.
5:45 of 3rd period - Shot Misses the Net.
5:47 of 3rd period - Shot by Erik Johnson.
5:47 of 3rd period - Stopped by Mikko Koskinen with a rebound.
5:49 of 3rd period - Shot by Erik Johnson.
5:49 of 3rd period - Shot Blocked by Josh Teves.
6:56 of 3rd period - Shot by Jack Eichel.
6:56 of 3rd period - Stopped by Anders Nilsson with a rebound.
7:19 of 3rd period - Icing by Nikita Zaitsev.
7:20 of 3rd period - Riley Nash wins face-off versus Jack Eichel in BANFF WOLVES zone.
7:39 of 3rd period - Shot by Sven Baertschi.
7:39 of 3rd period - Shot Misses the Net.
7:41 of 3rd period - Shot by Erik Johnson.
7:41 of 3rd period - Stopped by Mikko Koskinen without a rebound.
7:42 of 3rd period - Johan Larsson wins face-off versus Max McCormick in BANFF WOLVES zone.
8:46 of 3rd period - Icing by Nikita Zaitsev.
8:47 of 3rd period - Mark Letestu wins face-off versus Derek Stepan in BANFF WOLVES zone.
10:35 of 3rd period - Icing by Mark Jankowski.
10:36 of 3rd period - Johan Larsson wins face-off versus Max McCormick in BANFF WOLVES zone.
11:14 of 3rd period - Icing by Taylor Fedun.
11:15 of 3rd period - Derek Stepan wins face-off versus Markus Granlund in BANFF WOLVES zone.
11:56 of 3rd period - Shot by Nick Schmaltz.
11:56 of 3rd period - Shot Misses the Net.
12:03 of 3rd period - Off-side.
12:04 of 3rd period - Riley Nash wins face-off versus Robert Carpenter in neutral zone.
12:10 of 3rd period - Minor Penalty to Josh Teves for Hooking.
12:11 of 3rd period - Johan Larsson wins face-off versus Tyler Toffoli in BANFF WOLVES zone.
12:36 of 3rd period - Shot by Erik Gustafsson.
12:36 of 3rd period - Stopped by Mikko Koskinen without a rebound.
12:37 of 3rd period - Derek Stepan wins face-off versus Jack Eichel in BANFF WOLVES zone.
12:51 of 3rd period - Minor Penalty to Tyler Ennis for Hooking.
12:51 of 3rd period - Minor Penalty to Brock McGinn for Hooking.
12:52 of 3rd period - Derek Stepan wins face-off versus Tyler Toffoli in neutral zone.
13:19 of 3rd period - Shot by Nick Schmaltz.
13:19 of 3rd period - Stopped by Mikko Koskinen without a rebound.
13:20 of 3rd period - Tyler Toffoli wins face-off versus Morgan Klimchuk in BANFF WOLVES zone.
13:26 of 3rd period - Icing by Erik Johnson.
13:27 of 3rd period - Morgan Klimchuk wins face-off versus Tyler Toffoli in TEXAS TOROS zone.
13:46 of 3rd period - Shot by Jake Virtanen.
13:46 of 3rd period - Stopped by Mikko Koskinen without a rebound.
13:47 of 3rd period - Markus Granlund wins face-off versus Derek Stepan in BANFF WOLVES zone.
14:18 of 3rd period - Shot by Markus Granlund.
14:18 of 3rd period - Deflect By Josh Archibald.
14:18 of 3rd period - Stopped by Anders Nilsson without a rebound.
14:19 of 3rd period - Markus Granlund wins face-off versus Morgan Klimchuk in TEXAS TOROS zone.
14:21 of 3rd period - Tyler Toffoli is hit by Tyson Barrie and loses puck.
14:36 of 3rd period - Shot by Jake Virtanen.
14:36 of 3rd period - Shot Misses the Net.
15:05 of 3rd period - Tanner Kero is hit by Riley Nash and loses puck.
15:16 of 3rd period - Shot by Riley Nash.
15:16 of 3rd period - Shot Misses the Net.
15:23 of 3rd period - Riley Nash is hit by Josh Teves and loses puck.
15:27 of 3rd period - Riley Nash is hit by Josh Teves.
15:44 of 3rd period - Brock McGinn is hit by Josh Teves and loses puck.
16:14 of 3rd period - Shot by Nick Schmaltz.
16:14 of 3rd period - Stopped by Mikko Koskinen with a rebound.
16:15 of 3rd period - Minor Penalty to Josh Teves for Interference.
16:16 of 3rd period - Johan Larsson wins face-off versus Markus Granlund in BANFF WOLVES zone.
16:19 of 3rd period - Shot by Tyson Barrie.
16:19 of 3rd period - Stopped by Mikko Koskinen with a rebound.
16:21 of 3rd period - Shot by Erik Johnson.
16:21 of 3rd period - Stopped by Mikko Koskinen with a rebound.
16:23 of 3rd period - Shot by Erik Johnson.
16:23 of 3rd period - Stopped by Mikko Koskinen without a rebound.
16:24 of 3rd period - Markus Granlund wins face-off versus Johan Larsson in BANFF WOLVES zone.
16:41 of 3rd period - Shot by Nick Cousins.
16:41 of 3rd period - Shot Misses the Net.
16:43 of 3rd period - Shot by Erik Johnson.
16:43 of 3rd period - Shot Misses the Net.
16:45 of 3rd period - Shot by Erik Johnson.
16:45 of 3rd period - Deflect By Jake Virtanen.
16:45 of 3rd period - Shot Misses the Net.
16:47 of 3rd period - Shot by Erik Johnson.
16:47 of 3rd period - Shot Misses the Net.
16:49 of 3rd period - Shot by Jake Virtanen.
16:49 of 3rd period - Shot Misses the Net.
17:24 of 3rd period - Icing by David Savard.
17:25 of 3rd period - Tyler Toffoli wins face-off versus Derek Stepan in TEXAS TOROS zone.
17:36 of 3rd period - Josh Archibald is hit by Derek Stepan and loses puck.
18:54 of 3rd period - Riley Nash is hit by Max McCormick and loses puck.
19:03 of 3rd period - BANFF WOLVES, Mikko Koskinen is pulled from the net.
19:08 of 3rd period - Tyler Ennis is hit by Dante Fabbro.
19:10 of 3rd period - Shot by Nikita Zaitsev.
19:10 of 3rd period - Stopped by Anders Nilsson with a rebound.
19:25 of 3rd period - Icing by Josh Teves.
19:26 of 3rd period - Mikko Koskinen from BANFF WOLVES was sent back in the game.
19:26 of 3rd period - Derek Stepan wins face-off versus Tyler Ennis in BANFF WOLVES zone.
19:35 of 3rd period - BANFF WOLVES, Mikko Koskinen is pulled from the net.
Goals for this period are 0 for TEXAS TOROS vs 0 for BANFF WOLVES.
Shots for this period are 14 for TEXAS TOROS vs 3 for BANFF WOLVES.


NATHAN
MACKINNON
PHILLIP
DANAULT
CONNOR
MCDAVID

EAST COAST

HOCKEY LEAGUE

  • 25.QUE4CHI5
  • 26.CHA2LIM3
  • 27.TRV2LON3
  • 28.CHW4BAL2
  • 29.PITMAN
  • 30.ATLNHW
  • 31.WORPET
  • 32.RHI